Map: Inside and Out

Players

VolleMelk - Winner!

  • Race: Terran Terran
  • League: Bronze
  • Spawn Location: 7:00

Freek

  • Race: Zerg Zerg
  • League: Silver
  • Spawn Location: 1:00

VOD

Have the link to the VOD?

Description

Time

  • Played on: Aug. 27, 2022, 2:21 p.m.
  • Length: 16:35
Show
View Real Time Build Order
Export as new Build Order

VolleMelk Terran - Winner!

Build Orders: Liberator Opening 

Get SALT Encoding   

  12  0:00  SCV  
  13  0:12  SCV  
  14  0:18  Supply Depot  
  14  0:24  SCV  
  15  0:31  Refinery  
  15  0:42  Engineering Bay  
  15  0:46  SCV  
  16  0:58  Barracks  
  16  1:11  SCV  
  16  1:25  Supply Depot  
  16  1:26  Supply Depot  
  16  1:31  SCV  
  17  1:32  Refinery  
  17  1:43  SCV  
  18  1:53  Factory  
  18  1:57  Marine  
  20  2:16  Orbital Command  
  20  2:21  Marine  
  20  2:30  Bunker  
  20  2:37  Factory Reactor  
  20  2:40  Starport  
  20  3:12  Command Center  
  20  3:16  SCV  
  21  3:25  Hellion  
  23  3:31  Hellion  
  23  3:33  SCV  
  26  3:37  Marine  
  27  3:45  Liberator  
  30  3:54  Hellion  
  32  3:59  Hellion  
  32  4:00  SCV  
  35  4:08  Supply Depot  
  35  4:16  Widow Mine  
  37  4:20  Widow Mine  
  39  4:24  Marine  
  39  4:28  Liberator  
  43  4:34  SCV  
  44  4:46  Hellion x2  
  40  5:40  Hellion x2  
  40  5:41  Liberator  
  47  5:46  Starport  
  47  5:49  Orbital Command  
  47  5:50  Refinery  
  47  5:51  Refinery, Factory  
  47  6:24  Liberator  
  47  7:06  Factory Tech Lab  
  47  7:07  Hellion x2  
  51  7:09  Starport Tech Lab  
  51  7:10  Starport Tech Lab  
  51  7:19  SCV, Armory  
  51  7:21  Engineering Bay  
  51  7:22  SCV  
  53  7:24  Supply Depot  
  53  7:29  Hellion x2  
  57  7:30  Raven  
  57  7:31  SCV  
  57  7:34  SCV  
  61  7:44  SCV  
  62  7:45  Liberator  
  62  7:46  Supply Depot  
  65  8:20  Liberator  
  65  8:22  Hellion  
  65  8:23  Hellion x2  
  74  8:28  Liberator  
  74  8:29  Command Center  
  74  8:33  Sensor Tower  
  77  8:41  SCV  
  78  8:42  Supply Depot  
  78  8:44  Supply Depot  
  78  8:53  Missile Turret  
  78  8:55  Supply Depot  
  78  8:56  Supply Depot x2  
  78  9:03  SCV, Liberator  
  78  9:04  Hellion x2  
  78  9:07  Widow Mine  
  88  9:15  SCV  
  89  9:25  Widow Mine  
  89  9:28  SCV  
  92  9:40  SCV  
  93  9:48  Widow Mine x2  
  93  9:49  Hellion  
  93  9:52  SCV  
  100  10:09  Hellion x2  
  100  10:10  Hellion  
  73  11:32  Raven x2  
  73  11:35  Siege Tank  
  73  11:36  Widow Mine  
  73  11:37  Orbital Command  
  81  11:43  SCV  
  81  11:44  SCV  
  80  11:55  SCV  
  80  11:56  SCV  
  69  12:07  SCV, Siege Tank  
  63  12:15  Raven x2  
  65  12:28  Orbital Command  
  65  12:39  Siege Tank  
  65  12:41  Widow Mine x2  
  72  12:56  Supply Depot  
  72  12:58  Raven, Liberator  
  74  12:59  Supply Depot  
  74  13:01  SCV  
  74  13:02  SCV, Widow Mine  
  74  13:03  SCV  
  82  13:13  SCV  
  82  13:14  SCV  
  82  13:15  SCV  
  85  13:21  Supply Depot  
  85  13:25  SCV  
  85  13:27  SCV x2  
  88  13:37  Hellion x2, SCV, Widow Mine  
  88  13:38  Refinery  
  88  13:41  Liberator  
  98  13:48  Factory  
  98  13:49  Factory  
  98  13:50  Starport  
  98  13:51  Supply Depot  
  98  13:52  SCV  
  98  13:54  SCV x2  
  101  13:58  Hellion x2  
  101  14:02  Refinery  
  105  14:05  SCV  
  105  14:06  SCV x2  
  108  14:14  Supply Depot  
  108  14:48  Factory Tech Lab  
  108  14:49  Factory Reactor  
  108  14:55  Hellion x3  
  108  14:57  Infernal Pre-Igniter  
  114  15:00  Starport Tech Lab  
  114  15:10  Hi-Sec Auto Tracking  
  114  15:16  Hellion  
  114  15:17  Hellion x2  
  120  15:26  Refinery  
  120  15:27  Missile Turret x2  
  120  15:28  Refinery, Command Center  
  120  15:31  Missile Turret  
  120  15:33  Liberator x2  
  120  15:34  Liberator  
  129  15:37  Widow Mine x2  
  129  15:38  Hellion x4  
  138  15:58  Hellion  
  138  15:59  Hellion x5  
Show
View Real Time Build Order
Export as new Build Order

Freek Zerg 

Build Orders: Hatch First 

Get SALT Encoding   

  12  0:00  Drone  
  13  0:12  Overlord  
  13  0:16  Drone  
  14  0:30  Drone x2  
  16  0:55  Hatchery  
  16  0:57  Drone x2  
  17  1:13  Drone x2  
  19  1:18  Drone  
  20  1:29  Spawning Pool  
  20  1:32  Extractor  
  18  1:33  Drone  
  20  1:40  Drone  
  20  1:51  Drone  
  21  2:03  Drone  
  21  2:08  Drone  
  23  2:13  Drone  
  24  2:17  Queen  
  24  2:18  Queen  
  28  2:31  Overlord x2  
  28  2:50  Overlord  
  28  2:52  Drone  
  28  2:53  Drone x3  
  32  3:03  Overlord  
  32  3:08  Hatchery  
  32  3:09  Drone  
  32  3:15  Drone x2  
  34  3:27  Roach Warren  
  34  3:30  Drone x3, Evolution Chamber  
  34  3:31  Extractor  
  34  3:33  Drone  
  35  3:35  Drone  
  36  3:47  Extractor  
  35  3:53  Drone x6  
  41  3:58  Extractor  
  40  4:03  Zerg Missile Weapons Level 1  
  40  4:05  Lair  
  40  4:13  Spore Crawler, Drone x2  
  40  4:16  Drone  
  40  4:17  Drone x2  
  44  4:18  Drone  
  44  4:23  Queen  
  47  4:27  Spore Crawler  
  46  4:34  Drone x2  
  46  4:37  Drone x2  
  50  4:43  Evolution Chamber  
  49  4:48  Roach x4  
  49  4:51  Overlord  
  49  4:52  Overlord  
  37  5:37  Drone x6  
  43  6:00  Spore Crawler  
  37  6:13  Drone  
  37  6:15  Drone  
  39  6:23  Roach  
  39  6:24  Roach x6  
  53  6:39  Spore Crawler  
  49  6:45  Drone  
  49  6:52  Queen  
  51  6:58  Drone x2  
  53  7:13  Drone  
  53  7:14  Drone x5  
  59  7:20  Queen  
  61  7:32  Drone  
  61  7:33  Drone x4  
  66  7:39  Overlord  
  66  7:45  Overseer  
  55  8:17  Drone  
  55  8:18  Drone x3  
  55  8:19  Drone x2  
  61  8:20  Drone  
  61  8:21  Drone x3  
  61  8:24  Queen  
  67  8:50  Roach  
  67  8:51  Roach x6  
  67  8:52  Overlord  
  67  8:53  Overlord x5  
  81  9:08  Overlord x4  
  81  9:13  Zerg Missile Weapons Level 2  
  81  9:15  Zerg Ground Armor Level 1  
  81  9:25  Drone x6  
  87  9:40  Drone x3  
  87  9:41  Drone  
  87  9:42  Drone  
  92  9:47  Extractor  
  92  9:50  Extractor  
  92  9:52  Overlord x6  
  90  9:56  Overlord  
  90  10:02  Spire  
  42  10:41  Roach x5  
  42  10:42  Roach x7  
  50  10:56  Roach x2  
  45  11:22  Corruptor  
  49  11:29  Spine Crawler  
  44  11:50  Spore Crawler  
  44  11:51  Spore Crawler  
  36  11:59  Spore Crawler x3  
  15  12:21  Drone x6  
  21  12:37  Drone  
  21  12:38  Drone  
  23  12:48  Glial Reconstitution  
  23  13:01  Queen  
  25  13:17  Drone x2  
  27  13:20  Drone  
  27  13:21  Drone x2  
  27  13:23  Drone  
  31  13:30  Drone x2  
  33  13:44  Drone x2  
  33  13:45  Drone x2  
  37  13:57  Drone  
  37  13:58  Drone x5  
  41  14:16  Roach x5  
  50  14:26  Roach x2  
  50  14:27  Roach  
  56  14:40  Roach x5  
  64  14:54  Roach x4  
  64  14:55  Roach  
  74  15:06  Roach  
  74  15:07  Drone x2  
  74  15:08  Drone x2  
  74  15:13  Roach x2  
  82  15:22  Ravager  
  82  15:26  Roach x4  
  90  15:42  Roach x4  
Tags
 
Add a new tag
Caveats
  • Supply blocks, unpowered buildings, or Contaminate may cause inaccurate times.
  • Supply counts are checked every 10 seconds.